 Dungeon Crawl Stone Soup version 0.27-a0-1196-g3e9cee4cb2 (console) character file.

Game seed: 14705875526377613781

420 Hector the Skirmisher (level 7, -1/50 HPs)
             Began as a Djinni Abyssal Knight on May 27, 2021.
             Was a Priest of Lugonu.
             Slain by a boggart (4 damage)
             ... on level 4 of the Dungeon.
             The game lasted 00:14:58 (6086 turns).

Hector the Skirmisher (Djinni Abyssal Knight)       Turns: 6086, Time: 00:14:58

Health: -1/50      AC:  3    Str: 11    XL:     7   Next: 16%
Gold:   341        EV: 12    Int: 15    God:    Lugonu [***...] SH:  0 Dex: 13

rFire    + + .     SeeInvis .   a - +1 falchion
rCold    x . .     Faith    .   (no shield)
rNeg     . . .     Spirit   .   b - +0 leather armour
rPois    ∞         Reflect  .   (no helmet)
rElec    .         Harm     .   (no cloak)
rCorr    .         Rampage  .   (no gloves)
Will     +....                  (boots unavailable)
Stlth    +.........             (no amulet)
HPRegen  0.16/turn              k - ring of willpower
MPRegen  0.00/turn              (no ring)

@: flying
A: sickness immunity, fire resistance 2, cold vulnerability 1, float, innate
caster, hp casting, extra vitality 1
a: Renounce Religion, Depart the Abyss, Bend Space, Banish


You were on level 4 of the Dungeon.
You worshipped Lugonu.
Lugonu was most pleased with you.
You visited 1 branch of the dungeon, and saw 4 of its levels.
You visited the Abyss 1 time.

You collected 341 gold pieces.

Inventory:

Hand Weapons
 a - a +1 falchion (weapon)
 c - a +0 whip of venom
 o - a +2 dagger of venom
Missiles
 e - 157 stones
Armour
 b - a +0 leather armour (worn)
Jewellery
 k - a ring of willpower (left hand)
Wands
 u - a wand of polymorph (2)
Scrolls
 f - a scroll of teleportation {unknown}
 g - a scroll of immolation {unknown}
 h - a scroll of torment {unknown}
 i - 3 scrolls of noise {unknown}
 m - 2 scrolls of blinking {unknown}
 n - a scroll of amnesia {unknown}
 t - a scroll of holy word {unknown}
 v - a scroll of identify {unknown}
Potions
 d - a potion of might {unknown}
 j - a potion of invisibility
 l - a potion of curing {unknown}
 p - a potion of flight {unknown}
 q - a potion of haste {unknown}
 r - a potion of ambrosia {unknown}
 s - a potion of mutation {unknown}


   Skills:
 + Level 3.4 Fighting
 * Level 3.1 Long Blades
 + Level 2.0 Armour
 + Level 2.7 Dodging
 * Level 3.4 Spellcasting
 * Level 2.9 Invocations


You had 7 spell levels left.
You knew the following spells:

 Your Spells              Type           Power      Damage    Failure   Level
a - Sting                 Tmut/Pois      48%        1d5       6%          1
b - Passwall              Tmut/Erth      10%        N/A       10%         2
c - Corpse Rot            Necr/Air       N/A        N/A       10%         2
Your spell library was empty.

Dungeon Overview and Level Annotations

Branches:
Dungeon (4/15)             Temple (0/1) D:4

Altars:
Hepliaklqana
Nemelex Xobeh
Xom

Annotations:
D:4 Grinder, Sigmund


Innate Abilities, Weirdness & Mutations

You are immune to sickness and miasma.
You are immune to poison.
Your flesh is very heat resistant. (rF++)
You are vulnerable to cold. (rC-)
You float through the air rather than walking.
You learn spells naturally, not from books.
Your magical power is your life essence.
You have superior vitality. (+4 HP)


Message History

Casting: Sting (safe; 6% risk of failure)
Confirm with . or Enter, or press ? or * to list all spells.
Aiming: Sting (safe; 6% risk of failure)
Press: ? - help, Shift-Dir - straight line, f/p - centaur
Aim: a centaur, wielding a +0 shortbow and quivering arrows (lightly wounded, poisoned, 83% to hit)
The sting hits the centaur but does no damage.
The centaur looks even sicker.
The centaur is lightly wounded.
The centaur shoots an arrow.
The arrow hits you!
* * * LOW HITPOINT WARNING * * *
Press: ? - help, v - describe, . - travel The floor.
Unknown command.
Press: ? - help, v - describe, . - travel
Here: a centaur, wielding a +0 shortbow and quivering arrows (lightly wounded, very poisoned)
The floor.
Unknown command.
Aiming: Polymorph
Press: ? - help, Shift-Dir - straight line, f/p - centaur
Aim: a centaur, wielding a +0 shortbow and quivering arrows (lightly wounded, very poisoned, will become a bullfrog, a scorpion, or a boggart, chance to affect: 46%)
The centaur resists with some effort.
The centaur shoots an arrow.
The arrow hits you but does no damage.
The centaur shoots an arrow.
The arrow misses you.
Aiming: Polymorph
Press: ? - help, Shift-Dir - straight line, f/p - centaur
Aim: a centaur, wielding a +0 shortbow and quivering arrows (moderately wounded, very poisoned, will become a bullfrog, a scorpion, or a boggart, chance to affect: 46%)
The centaur resists with some effort.
The centaur shoots an arrow.
The arrow hits you!
* * * LOW HITPOINT WARNING * * *
Aiming: Polymorph
Press: ? - help, Shift-Dir - straight line, f/p - centaur
Aim: a centaur, wielding a +0 shortbow and quivering arrows (moderately wounded, very poisoned, will become a bullfrog, a scorpion, or a boggart, chance to affect: 46%)
The centaur evaporates and reforms as a boggart!
The boggart gestures wildly while chanting.
The boggart points at itself and mumbles some strange words.
The boggart flickers and vanishes!
Deactivating autopickup; reactivate with Ctrl-A.
There is a stone staircase leading down here.
Something hits you.
You die...

#### ##### ...##### #...#
...#...# #...#
...#...############...#
..........)..[.....(..#
...#....######...g#...#
.............#.[..#...#######
.......####.....{.#..g.)....#
##.#.....#..#...@.#########..
#.#...#..........#
##.#>..##........##
.[........#......#####
##.###..#............#
#...#....#..........#
###.##.#............#
#.#....##.....#.###
####..[..........#.#


You could see a goblin (summoned).

Vanquished Creatures
  A centaur (D:3)
  A scorpion (D:4)
  A jelly (D:1)
  2 orc priests (D:4)
  Ijyb (D:3)
  2 iguanas
  3 adders
  A worm (D:3)
  2 dart slugs
  8 orcs
  5 ball pythons
  5 bats
  5 endoplasms
  4 giant cockroaches
  3 goblins
  5 hobgoblins
  11 jackals
  9 kobolds
  4 quokkas
  3 frilled lizards
  9 rats
  A spectral orc (D:3)
86 creatures vanquished.

Notes
Turn   | Place    | Note
-------+----------+-------------------------------------------
     0 | Abyss:1  | Hector the Djinni Abyssal Knight began the quest for the
                  | Orb.
     0 | Abyss:1  | Reached XP level 1. HP: 20/20 MP: 0/0
    79 | D:1      | Escaped the Abyss
   247 | D:1      | Reached XP level 2. HP: 22/25 MP: 0/0
   838 | D:1      | Reached ** piety under Lugonu
   840 | D:1      | Reached XP level 3. HP: 16/30 MP: 0/0
   840 | D:1      | Learned a level 1 spell: Sting
  1413 | D:2      | Found a shimmering altar of Xom.
  1444 | D:1      | Reached XP level 4. HP: 20/35 MP: 0/0
  1935 | D:2      | Reached skill level 1 in Spellcasting
  2514 | D:2      | Found a faded altar of an unknown god.
  3423 | D:3      | Found a sparkling altar of Nemelex Xobeh.
  3548 | D:3      | Found a hazy altar of Hepliaklqana.
  3962 | D:3      | Reached XP level 5. HP: 36/40 MP: 0/0
  3962 | D:3      | Learned a level 2 spell: Passwall
  4190 | D:3      | Noticed a centaur
  4201 | D:3      | Killed a centaur
  4202 | D:3      | Reached XP level 6. HP: 12/46 MP: 0/0
  4203 | D:3      | Reached *** piety under Lugonu
  5103 | D:4      | Noticed Ijyb
  5409 | D:3      | Killed Ijyb
  5647 | D:4      | Reached XP level 7. HP: 43/50 MP: 0/0
  5647 | D:4      | Learned a level 2 spell: Corpse Rot
  5664 | D:4      | Noticed Sigmund
  5857 | D:4      | Noticed Grinder
  6015 | D:4      | Found a staircase to the Ecumenical Temple.
  6076 | D:4      | HP: 1/50 [centaur/arrow (11)]
  6086 | D:4      | Slain by a boggart

Illustrated notes

Levels and vault maps discovered:
D:1:      psy_arrival_statuary, layout_basic, kennysheep_pointless_box
D:2:      layout_loops_ring, basic_altar, shapermc_ecumenical_altar_notcrosses,
          minmay_misc_feat_pillars, grunt_ministairs_10
D:3:      minmay_bubble_buster, layout_basic, nemelex_spade_bored_becter,
          nicolae_hepliaklqana_monster_ancestors,
          hangedman_decor_clover_reticule
D:4:      layout_rooms, minitemple, temple_hall, uniq_grinder, uniq_sigmund,
          uniq_ijyb

Skill      XL: |  1  2  3  4  5  6 |
---------------+-------------------+-----
Long Blades    | 2 3 |  3.1
Invocations    | 2 |  2.9
Spellcasting   | 1 2 3 |  3.4
Armour         | 2 |  2.0
Fighting       | |  3.4
Dodging        | |  2.7

Action                   |  1- 3 |  4- 6 |  7- 9 || total
-------------------------+-------+-------+-------++-------
Melee: Falchion          |    56 |    13 |       ||    69
       Unarmed           |       |     2 |       ||     2
 Cast: Sting             |    10 |   153 |    18 ||   181
Evoke: Wand              |       |       |     3 ||     3
Armor: Leather armour    |    32 |    25 |     2 ||    59
Dodge: Dodged            |    46 |    68 |     8 ||   122
       Rpst.: Falchion   |    20 |    13 |     3 ||    36

Table legend: (Time is in decaauts)
 A = Elapsed time spent in this place.
 B = Non-inter-level travel time spent in this place.
 C = Inter-level travel time spent in this place.
 D = Time resting spent in this place.
 E = Time spent auto-exploring this place.
 F = Levels seen in this place.
 G = Mean time per level.
                   A        B        C        D        E       F      G
               +--------+--------+--------+--------+--------+-----+--------+
         Total |   6108 |   5597 |    511 |    931 |   3744 |   5 | 1221.6 |
       Dungeon |   6029 |   5518 |    511 |    931 |   3680 |   4 | 1507.2 |
         Abyss |     79 |     79 |      0 |      0 |     64 |   1 |   79.0 |
               +--------+--------+--------+--------+--------+-----+--------+

Top non-repeatable levels by time:
     D:3: 2511 daAuts
     D:1: 1501 daAuts
     D:2: 1277 daAuts
     D:4: 738 daAuts
 Abyss:1: 79 daAuts
